 Dungeon Sprint DCSS version 0.20-a0-833-gc632bec (webtiles) character file.

7900000 esc the Conqueror (level 27, -38/273 HPs)
             Began as a Centaur Fighter on Mar 7, 2017.
             Was the Champion of Makhleb.
             Annihilated by a meat berserker
             ... wielding a +9 battleaxe
              (68 damage)
             ... in the Dungeon (Sprint VIII: "Arena of Blood").
             The game lasted 00:02:25 (79 turns).

esc the Conqueror (Centaur Fighter)                   Turns: 79, Time: 00:02:26

Health: -38/273    AC: 13    Str: 22    XL:     27
Magic:  31/54      EV: 28    Int:  7    God:    Makhleb [******]
Gold:   0          SH:  0    Dex: 19    Spells: 80/80 levels left

rFire    . . .     SeeInvis +   l - +∞ Axe of Woe
rCold    . . .     Gourm    .   b - +0 scale mail
rNeg     . . .     Faith    .   (shield currently unavailable)
rPois    .         Spirit   .   (no helmet)
rElec    .         Reflect  .   (no cloak)
rCorr    .         Harm     .   (no gloves)
MR       ++...     NoTele   +   (no barding)
Stlth    ++++++++..             (no amulet)
Regen    0.6/turn               (no ring)
MPRegen  0.4/turn               m - ring of see invisible {sInv, !d}

@: very quick
A: hooves 3, deformed body, speed 2, tough skin 3
a: Minor Destruction, Lesser Servant of Makhleb, Major Destruction, Greater
Servant of Makhleb, Renounce Religion


You were in the Dungeon.
You worshipped Makhleb.
Makhleb was exalted by your worship.
You were not hungry.

You visited 1 branch

Inventory:

Hand Weapons
 a - a +0 war axe
 l - the +∞ Axe of Woe (weapon)
   (You found it in the Dungeon)
Armour
 b - a +0 scale mail (worn)
 c - a +0 shield
Jewellery
 m - a ring of see invisible (left hand) {sInv, !d}
   (You found it in the Dungeon)
Scrolls
 k - a scroll of blinking {!r}
Potions
 d - a potion of might
 e - a potion of curing
 g - a potion of heal wounds
 h - a potion of haste
 i - 2 potions of magic
 j - a potion of berserk rage {!q}
Comestibles
 f - a bread ration {@e1}


   Skills:
 O Level 27 Fighting
 O Level 27 Axes
 O Level 27 Throwing
 O Level 27 Armour
 O Level 27 Dodging
 O Level 27 Stealth
 O Level 27 Shields
 O Level 27 Unarmed Combat
 O Level 27 Spellcasting
 O Level 27 Invocations


You had 80 spell levels left.
You didn't know any spells.

Dungeon Overview and Level Annotations

Branches:
Dungeon (1/1)

Altars:
Makhleb


Innate Abilities, Weirdness & Mutations

You have hooves in place of feet.
Armour fits poorly on your strangely shaped body.
You cover ground very quickly.
You have extremely tough skin. (AC +3)


Message History

Makhleb accepts your kill.
You slice the destroyer!!
You dissect the destroyer like a pig carcass.
You destroy the destroyer!
Makhleb accepts your kill.
You feel better.
You hit the meat berserker but do no damage.
You fatally mangle the meat berserker.
You kill the meat berserker!
Makhleb accepts your kill.
You are engulfed in blazing flames.
You hear a shout!
The bag of meat moves out of view.
You hear a shout! x6
A meat berserker comes into view. It is wielding a +9 battleaxe.
You regained 4 hp, and now have 260/273 hp.
A greater mummy and a wraith come into view.
You hear a shout! x2
The destroyer is engulfed in blazing flames.
The destroyer blinks!
You hear a shout!
The bag of meat is engulfed in blazing flames.
The bag of meat hits you with a +9 war axe.
Things that are here:
a +9 battleaxe; a +30 ring of slaying; a meat berserker corpse You take 6 damage, and have 254/273 hp.
Unknown command.
You slice the bag of meat!!
You hew the bag of meat savagely.
You kill the bag of meat!
Makhleb accepts your kill.
You feel better.
You slash the bag of meat!
You pulverise the bag of meat into a thin bloody mist.
You kill the bag of meat!
Makhleb accepts your kill.
You slice the destroyer!!
You hew the destroyer savagely.
You destroy the destroyer!
Makhleb accepts your kill.
You hit the bag of meat.
You fatally mangle the bag of meat.
You kill the bag of meat!
Makhleb accepts your kill.
You hear a shout! x4
Health restored: 273 Unknown command.
Unknown command.
An orc and a wraith come into view.
You hear a shout! x6
The meat berserker completely misses you.
The accursed casts a spell at you. Something smites you!
The dread is engulfed in blazing flames.
The dread calls on the powers of darkness!
Your body is wracked with pain!
The meat berserker convulses! x3
Things that are here:
a +9 war axe; a +30 ring of slaying; a bag of meat corpse You take 142 damage, and have 131/273 hp.
MASSIVE DAMAGE!!
Unknown command.
The bag of meat shouts!
You dice the meat berserker like an onion!!!
You dissect the meat berserker like a pig carcass.
You kill the meat berserker!
Makhleb accepts your kill.
You feel better.
You slice the meat berserker!!
You hew the meat berserker savagely.
You kill the meat berserker!
Makhleb accepts your kill.
You feel better.
You hear a shout! x7
The dread calls on the powers of darkness!
The bag of meat convulses! x2; The meat berserker convulses!
The bag of meat convulses! x2; The meat berserker convulses!
Your body is wracked with pain!
The accursed gestures at you while chanting.
Something smites you!
You hear a shout!
The dread is engulfed in blazing flames.
The dread calls on the powers of darkness!
Your body is wracked with pain!
* * * LOW HITPOINT WARNING * * *
The bag of meat convulses! x2
You hear a shout!
A bag of meat comes into view. It is wielding a +9 war axe.
You take 75 damage, and have 56/273 hp.
MASSIVE DAMAGE!!
Unknown command.
Unknown command.
You hear a shout! x9
The dread calls on the powers of darkness!
The bag of meat convulses! x4
Your body is wracked with pain!
* * * LOW HITPOINT WARNING * * *
You take 26 damage, and have 30/273 hp.
Unknown command.
Unknown command.
Unknown command.
An orc and a skeletal warrior come into view.
You hear a shout! x3
The meat berserker hits you with a +9 battleaxe!!!
You die...

.........###. ....o..
....###...... ....Woz
......#....)) ....oMoO .
......#..))..
....W.oo#........%.)))..
.....oO#o#.#.......)).%.
......oO#.#..%.%..)))...
#..o#O#)#.%...)...§..
#..@#)#..%..#...))..
#....§))§§......).§.
.....##.W)))W)##.#..§).
#.... ##§§§)§)......)%o
####......####.%.%#..§.
###......).......%.
####........)))).
####......)...
###########


You could see an accursed, a sculptor of flesh (wandering), 4 dreads, 2 meat
berserkers and 8 bags of meat.

Vanquished Creatures
  A hell beast (D)
  13 vampire knights (D)
  17 ogres (D)
  5 two-headed ogres (D)
  A lich (D)
  42 orcs (D)
  4 skeletal warriors (D)
  A large abomination (D)
  A small abomination (D)
  A crawling corpse (D)
86 creatures vanquished.

Vanquished Creatures (others)
  3 crawling corpses (D)
3 creatures vanquished.

Grand Total: 89 creatures vanquished

Notes
Turn   | Place    | Note
-------+----------+-------------------------------------------
     0 | D        | esc the Centaur Fighter began the quest for the Orb.
     0 | D        | Reached XP level 1. HP: 19/19 MP: 1/1
     2 | D        | Noticed a bag of meat
     2 | D        | Noticed a bag of meat
     3 | D        | Noticed a bag of meat
     4 | D        | Noticed a bag of meat
     4 | D        | Noticed a bag of meat
     4 | D        | Noticed a bag of meat
     5 | D        | Noticed a bag of meat
     6 | D        | Noticed a meat berserker
     7 | D        | Noticed a bag of meat
     8 | D        | Killed a meat berserker
     8 | D        | Reached skill level 16 in Fighting
     8 | D        | Reached skill level 15 in Axes
     8 | D        | Reached skill level 13 in Armour
     8 | D        | Reached skill level 13 in Shields
     8 | D        | Reached XP level 2. HP: 50/50 MP: 2/2
     8 | D        | Reached XP level 3. HP: 57/57 MP: 3/3
     8 | D        | Reached XP level 4. HP: 64/64 MP: 4/4
     8 | D        | Reached XP level 5. HP: 72/72 MP: 5/5
     8 | D        | Reached XP level 6. HP: 80/80 MP: 6/6
     8 | D        | Reached XP level 7. HP: 86/86 MP: 7/7
     8 | D        | Reached XP level 8. HP: 94/94 MP: 8/8
     8 | D        | Reached XP level 9. HP: 101/101 MP: 9/9
     8 | D        | Reached XP level 10. HP: 110/110 MP: 10/10
     8 | D        | Reached XP level 11. HP: 116/116 MP: 11/11
     8 | D        | Reached XP level 12. HP: 124/124 MP: 12/12
     8 | D        | Reached XP level 13. HP: 130/130 MP: 13/13
     9 | D        | Killed a bag of meat
     9 | D        | Reached skill level 18 in Fighting
     9 | D        | Reached skill level 16 in Axes
     9 | D        | Reached skill level 14 in Armour
     9 | D        | Reached skill level 6 in Dodging
     9 | D        | Killed a bag of meat
     9 | D        | Reached skill level 19 in Fighting
     9 | D        | Reached skill level 18 in Axes
     9 | D        | Reached skill level 15 in Armour
     9 | D        | Reached skill level 8 in Dodging
     9 | D        | Reached XP level 14. HP: 114/146 MP: 14/14
     9 | D        | Killed a bag of meat
     9 | D        | Reached skill level 20 in Fighting
     9 | D        | Reached skill level 16 in Armour
     9 | D        | Reached skill level 10 in Dodging
    10 | D        | Noticed a bag of meat
    11 | D        | Noticed a bag of meat
    11 | D        | Became a worshipper of Makhleb the Destroyer
    12 | D        | Noticed a bag of meat
    12 | D        | Noticed a meat berserker
    12 | D        | Noticed a bag of meat
    12 | D        | Killed a bag of meat
    12 | D        | Reached skill level 21 in Fighting
    12 | D        | Reached skill level 19 in Axes
    12 | D        | Reached skill level 17 in Armour
    12 | D        | Reached skill level 11 in Dodging
    12 | D        | Reached XP level 15. HP: 91/158 MP: 15/15
    12 | D        | Reached skill level 22 in Fighting
    12 | D        | Reached skill level 20 in Axes
    12 | D        | Reached skill level 13 in Dodging
    12 | D        | Reached * piety under Makhleb
    12 | D        | Reached skill level 21 in Axes
    12 | D        | Reached skill level 18 in Armour
    12 | D        | Reached skill level 14 in Dodging
    13 | D        | Noticed a meat berserker
    13 | D        | Killed a meat berserker
    13 | D        | Reached skill level 24 in Fighting
    13 | D        | Reached skill level 22 in Axes
    13 | D        | Reached skill level 19 in Armour
    13 | D        | Reached skill level 15 in Dodging
    13 | D        | Reached XP level 16. HP: 101/174 MP: 16/16
    13 | D        | Killed a meat berserker
    13 | D        | Reached ** piety under Makhleb
    13 | D        | Reached skill level 25 in Fighting
    13 | D        | Reached skill level 23 in Axes
    13 | D        | Reached skill level 20 in Armour
    13 | D        | Reached skill level 17 in Dodging
    13 | D        | Reached XP level 17. HP: 108/187 MP: 17/17
    13 | D        | Reached skill level 26 in Fighting
    13 | D        | Reached skill level 24 in Axes
    13 | D        | Reached skill level 21 in Armour
    13 | D        | Reached skill level 18 in Dodging
    15 | D        | Noticed a meat berserker
    19 | D        | Noticed a large bag of meat
    20 | D        | Reached *** piety under Makhleb
    20 | D        | Reached skill level 27 in Fighting
    20 | D        | Reached skill level 25 in Axes
    20 | D        | Reached skill level 22 in Armour
    20 | D        | Reached skill level 19 in Dodging
    20 | D        | Reached skill level 26 in Axes
    20 | D        | Reached skill level 20 in Dodging
    20 | D        | Reached XP level 18. HP: 161/200 MP: 18/18
    21 | D        | Noticed a destroyer
    21 | D        | Noticed a destroyer
    22 | D        | Reached skill level 23 in Armour
    22 | D        | Reached **** piety under Makhleb
    22 | D        | Reached skill level 27 in Axes
    22 | D        | Reached skill level 24 in Armour
    22 | D        | Reached skill level 21 in Dodging
    22 | D        | Reached skill level 25 in Armour
    22 | D        | Reached skill level 22 in Dodging
    23 | D        | Killed a meat berserker
    23 | D        | Reached skill level 26 in Armour
    23 | D        | Reached skill level 24 in Dodging
    23 | D        | Reached XP level 19. HP: 198/207 MP: 19/19
    23 | D        | Reached skill level 27 in Armour
    23 | D        | Reached skill level 25 in Dodging
    24 | D        | Noticed a destroyer
    25 | D        | Noticed a destroyer
    25 | D        | Killed a large bag of meat
    25 | D        | Reached ***** piety under Makhleb
    25 | D        | Reached skill level 27 in Dodging
    25 | D        | Reached skill level 6 in Throwing
    25 | D        | Reached skill level 3 in Stealth
    25 | D        | Reached skill level 14 in Shields
    25 | D        | Reached skill level 5 in Unarmed Combat
    25 | D        | Reached skill level 4 in Spellcasting
    25 | D        | Reached skill level 6 in Invocations
    25 | D        | Reached skill level 9 in Throwing
    25 | D        | Reached skill level 5 in Stealth
    25 | D        | Reached skill level 8 in Unarmed Combat
    25 | D        | Reached skill level 6 in Spellcasting
    25 | D        | Reached skill level 9 in Invocations
    25 | D        | Reached skill level 11 in Throwing
    25 | D        | Reached skill level 7 in Stealth
    25 | D        | Reached skill level 15 in Shields
    25 | D        | Reached skill level 10 in Unarmed Combat
    25 | D        | Reached skill level 7 in Spellcasting
    25 | D        | Reached skill level 11 in Invocations
    25 | D        | Reached XP level 20. HP: 216/216 MP: 19/31
    26 | D        | Reached skill level 12 in Throwing
    26 | D        | Reached skill level 8 in Stealth
    26 | D        | Reached skill level 11 in Unarmed Combat
    26 | D        | Reached skill level 9 in Spellcasting
    26 | D        | Reached skill level 12 in Invocations
    26 | D        | Reached skill level 14 in Throwing
    26 | D        | Reached skill level 9 in Stealth
    26 | D        | Reached skill level 16 in Shields
    26 | D        | Reached skill level 13 in Unarmed Combat
    26 | D        | Reached skill level 10 in Spellcasting
    26 | D        | Reached skill level 14 in Invocations
    26 | D        | Reached skill level 15 in Throwing
    26 | D        | Reached skill level 10 in Stealth
    26 | D        | Reached skill level 14 in Unarmed Combat
    26 | D        | Reached skill level 11 in Spellcasting
    26 | D        | Reached skill level 15 in Invocations
    26 | D        | Killed a destroyer
    26 | D        | Reached skill level 17 in Throwing
    26 | D        | Reached skill level 12 in Stealth
    26 | D        | Reached skill level 18 in Shields
    26 | D        | Reached skill level 16 in Unarmed Combat
    26 | D        | Reached skill level 13 in Spellcasting
    26 | D        | Reached skill level 18 in Invocations
    26 | D        | Reached XP level 21. HP: 224/224 MP: 19/38
    26 | D        | Killed a destroyer
    26 | D        | Reached skill level 20 in Throwing
    26 | D        | Reached skill level 13 in Stealth
    26 | D        | Reached skill level 19 in Shields
    26 | D        | Reached skill level 18 in Unarmed Combat
    26 | D        | Reached skill level 15 in Spellcasting
    26 | D        | Reached skill level 20 in Invocations
    27 | D        | Noticed a destroyer
    27 | D        | Reached skill level 14 in Stealth
    27 | D        | Reached skill level 19 in Unarmed Combat
    27 | D        | Reached ****** piety under Makhleb
    27 | D        | Reached skill level 21 in Throwing
    27 | D        | Reached skill level 16 in Spellcasting
    27 | D        | Reached skill level 21 in Invocations
    28 | D        | Noticed a destroyer
    30 | D        | Noticed a large bag of meat
    30 | D        | Reached skill level 22 in Throwing
    30 | D        | Reached skill level 15 in Stealth
    30 | D        | Reached skill level 20 in Shields
    30 | D        | Reached skill level 20 in Unarmed Combat
    30 | D        | Reached skill level 22 in Invocations
    30 | D        | Reached skill level 21 in Unarmed Combat
    30 | D        | Reached skill level 17 in Spellcasting
    30 | D        | Reached XP level 22. HP: 233/233 MP: 19/43
    31 | D        | Killed a destroyer
    31 | D        | Reached skill level 24 in Throwing
    31 | D        | Reached skill level 17 in Stealth
    31 | D        | Reached skill level 21 in Shields
    31 | D        | Reached skill level 22 in Unarmed Combat
    31 | D        | Reached skill level 18 in Spellcasting
    31 | D        | Reached skill level 24 in Invocations
    31 | D        | Reached skill level 23 in Unarmed Combat
    31 | D        | Killed a destroyer
    31 | D        | Reached skill level 26 in Throwing
    31 | D        | Reached skill level 18 in Stealth
    31 | D        | Reached skill level 22 in Shields
    31 | D        | Reached skill level 24 in Unarmed Combat
    31 | D        | Reached skill level 19 in Spellcasting
    31 | D        | Reached skill level 26 in Invocations
    32 | D        | Killed a destroyer
    32 | D        | Reached skill level 27 in Throwing
    32 | D        | Reached skill level 19 in Stealth
    32 | D        | Reached skill level 23 in Shields
    32 | D        | Reached skill level 25 in Unarmed Combat
    32 | D        | Reached skill level 20 in Spellcasting
    32 | D        | Reached skill level 27 in Invocations
    32 | D        | Reached XP level 23. HP: 240/240 MP: 20/47
    33 | D        | Noticed a large bag of meat
    36 | D        | Killed a large bag of meat
    36 | D        | Reached skill level 20 in Stealth
    36 | D        | Reached skill level 24 in Shields
    36 | D        | Reached skill level 26 in Unarmed Combat
    36 | D        | Reached skill level 21 in Spellcasting
    36 | D        | Reached skill level 27 in Unarmed Combat
    36 | D        | Reached skill level 22 in Spellcasting
    37 | D        | Noticed a destroyer
    37 | D        | Killed a destroyer
    37 | D        | Reached skill level 22 in Stealth
    37 | D        | Reached skill level 26 in Shields
    37 | D        | Reached skill level 23 in Spellcasting
    37 | D        | Reached XP level 24. HP: 249/249 MP: 21/50
    37 | D        | Reached skill level 24 in Spellcasting
    37 | D        | Reached skill level 24 in Stealth
    37 | D        | Reached skill level 27 in Shields
    37 | D        | Reached skill level 25 in Spellcasting
    41 | D        | Killed a destroyer
    41 | D        | Reached skill level 26 in Stealth
    41 | D        | Reached skill level 27 in Spellcasting
    41 | D        | Killed a large bag of meat
    41 | D        | Reached skill level 27 in Stealth
    43 | D        | Noticed a destroyer
    45 | D        | Noticed a destroyer
    46 | D        | Reached XP level 25. HP: 185/257 MP: 23/54
    46 | D        | Killed a destroyer
    52 | D        | Reached XP level 26. HP: 266/266 MP: 24/54
    55 | D        | Noticed a destroyer
    56 | D        | Noticed a large bag of meat
    58 | D        | Noticed a tyrant
    59 | D        | Noticed a destroyer
    62 | D        | Killed a large bag of meat
    62 | D        | Reached XP level 27. HP: 273/273 MP: 27/54
    63 | D        | Noticed a large bag of meat
    63 | D        | Killed a destroyer
    63 | D        | Noticed a destroyer
    64 | D        | Killed a destroyer
    67 | D        | Noticed a meat beast
    69 | D        | Killed a tyrant
    70 | D        | Noticed a destroyer
    70 | D        | Killed a destroyer
    71 | D        | Noticed a meat beast
    72 | D        | Killed a large bag of meat
    73 | D        | Noticed a dread
    73 | D        | Noticed a dread
    73 | D        | Killed a meat beast
    73 | D        | Killed a destroyer
    74 | D        | Noticed an accursed
    74 | D        | Noticed a dread
    75 | D        | Killed a destroyer
    76 | D        | Noticed a dread
    77 | D        | HP: 56/273 [??? (54)]
    79 | D        | Annihilated by a meat berserker

Vault maps used:
D:        meatsprint

Skill      XL: |  1  2  3  4  5  6  7  8  9 10 11 12 13 14 15 16 17 18 19 20 21 22 23 24 |
---------------+-------------------------------------------------------------------------+-----
Fighting       | 16 19 21 24 25 27 | 27.0
Axes           | 15 18 19 22 23 26 27 | 27.0
Armour         | 13 15 17 19 20 22 26 27 | 27.0
Shields        | 13 15 18 20 23 26 27 | 27.0
Dodging        | 8 11 15 17 20 24 27 | 27.0
Throwing       | 11 17 22 27 | 27.0
Stealth        | 7 12 15 19 22 27 | 27.0
Unarmed Combat | 10 16 21 25 27 | 27.0
Spellcasting   | 7 13 17 20 23 27 | 27.0
Invocations    | 11 18 22 27 | 27.0

Action                   |  1- 3 |  4- 6 |  7- 9 | 10-12 | 13-15 | 16-18 | 19-21 | 22-24 | 25-27 || total
-------------------------+-------+-------+-------+-------+-------+-------+-------+-------+-------++-------
Melee: Executioner's axe |     1 |       |       |       |     3 |     3 |     4 |     6 |    17 ||    34
Armor: Scale mail        |       |       |       |       |     1 |       |       |       |       ||     1
Dodge: Dodged            |       |       |       |       |       |       |     1 |       |     2 ||     3

Vault maps used:
D:        meatsprint

Table legend:
 A = Turns spent in this place as a percentage of turns spent in the entire game.
 B = Non-inter-level travel turns spent in this place as a percentage of non-inter-level travel turns spent in the entire game.
 C = Inter-level travel turns spent in this place as a percentage of turns spent in this place.
 D = Turns resting spent in this place as a percentage of non-inter-level travel turns spent in this place.
 E = Turns spent auto-exploring this place as a percentage of non-inter-level travel turns spent in this place.
 F = Non-inter-level travel turns spent in this place divided by the number of levels of this place that you've seen.
                   A       B       C       D       E      F
               +-------+-------+-------+-------+-------+----------------------
         Total | 100.0 | 100.0 |   0.0 |   0.0 |   0.0 | 123.0
       Dungeon | 100.0 | 100.0 |   0.0 |   0.0 |   0.0 | 123.0
               +-------+-------+-------+-------+-------+----------------------

Table legend:
 A = Kills in this place as a percentage of kills in entire the game.
 B = Kills by you in this place as a percentage of kills by you in the entire game.
 C = Kills by friends in this place as a percentage of kills by friends in the entire game.
 D = Other kills in this place as a percentage of other kills in the entire game.
 E = Experience gained in this place as a percentage of experience gained in the entire game.
 F = Experience gained in this place divided by the number of levels of this place that you have seen.
                   A       B       C       D       E      F
               +-------+-------+-------+-------+-------+----------------------
         Total | 100.0 | 100.0 |  -nan |  -nan | 100.0 | 2469297.0
       Dungeon | 100.0 | 100.0 |  -nan |  -nan | 100.0 | 2469297.0
               +-------+-------+-------+-------+-------+----------------------
